Map: Terraforma EJ (Void)

Players

Claire - Winner!

  • Race: Zerg Zerg
  • League: Master

흑두횐

  • Race: Terran Terran
  • League: Diamond

VOD

Have the link to the VOD?

Description

Time

  • Played on: Oct. 5, 2015, 7:13 a.m.
  • Length: 7:17
Show
View Real Time Build Order
Export as new Build Order

Claire Zerg - Winner!

Build Orders: Hatch First, Ravager All-In 

Get SALT Encoding   

  12  0:01  Drone  
  13  0:08  Drone  
  14  0:17  Overlord  
  14  0:21  Extractor  
  13  0:25  Drone  
  15  0:36  Drone  
  15  0:37  Drone  
  17  0:53  Hatchery  
  17  0:56  Drone  
  17  0:59  Drone  
  18  1:06  Drone  
  19  1:17  Spawning Pool  
  18  1:20  Drone  
  18  1:25  Extractor x2  
  17  1:28  Drone  
  18  1:38  Drone  
  19  1:50  Drone  
  20  2:00  Drone  
  21  2:07  Overlord  
  21  2:08  Queen x2  
  21  2:12  Drone  
  26  2:17  Zergling x2  
  26  2:22  Metabolic Boost  
  27  2:27  Drone  
  28  2:30  Drone  
  29  2:52  Roach Warren  
  28  2:59  Drone x2  
  28  3:00  Drone  
  28  3:01  Overlord  
  28  3:04  Overlord  
  31  3:33  Roach x5  
  43  3:34  Roach  
  43  3:45  Zergling x10  
  43  3:47  Overlord  
  48  3:59  Extractor  
  48  4:01  Extractor  
  48  4:03  Overlord  
  48  4:09  Ravager x5  
  52  4:11  Extractor  
  52  4:12  Ravager  
  52  4:14  Overlord  
  52  4:21  Zergling x8  
  55  4:24  Zergling x2  
  55  4:29  Zergling x4  
  58  4:35  Zergling x6  
  58  4:39  Zergling x2  
  58  4:42  Zergling x2  
  60  4:50  Zergling x6  
  62  4:57  Zergling x4  
  60  5:01  Zergling x6  
  58  5:09  Zergling x2  
  47  5:15  Roach  
  47  5:23  Roach x3  
  47  5:25  Roach  
  55  5:36  Ravager  
  56  5:45  Ravager x3  
  56  5:48  Ravager  
  60  5:50  Zergling x8  
  56  5:59  Zergling x12  
  59  6:11  Roach x2  
  59  6:16  Zergling x2  
  59  6:21  Zergling x4  
  60  6:28  Overlord  
  60  6:29  Overlord  
  56  6:43  Zergling x8  
  56  6:44  Zergling x2  
  59  6:53  Zergling x10  
  61  6:59  Zergling x2  
  58  7:09  Ravager x2  
Show
View Real Time Build Order
Export as new Build Order

흑두횐 Terran 

Build Orders:  

Get SALT Encoding   

  12  0:00  SCV  
  13  0:12  SCV  
  14  0:18  Supply Depot  
  14  0:27  SCV, Refinery  
  15  0:40  SCV  
  16  0:45  Barracks  
  16  0:52  SCV  
  17  1:04  SCV  
  18  1:16  SCV  
  19  1:31  Orbital Command  
  19  1:33  Factory, Marine  
  20  1:42  Supply Depot  
  20  1:58  Barracks Reactor  
  20  1:59  Barracks  
  20  2:01  Barracks  
  20  2:04  SCV  
  21  2:14  Refinery  
  21  2:16  SCV  
  22  2:30  Starport  
  22  2:32  Factory Tech Lab  
  22  2:34  Marine x2  
  24  2:37  SCV  
  24  2:41  Supply Depot  
  25  2:49  Marine  
  25  2:50  Marine  
  27  2:52  Marine  
  28  3:00  Siege Tank  
  31  3:08  Supply Depot  
  31  3:11  Marine  
  32  3:18  Medivac  
  34  3:26  Marine  
  34  3:27  Marine x2  
  35  3:30  Marine  
  38  3:41  Siege Tank  
  38  3:47  Supply Depot  
  41  3:54  Marine x3  
  44  3:56  Marine  
  45  4:08  Medivac  
  47  4:12  Marine  
  47  4:14  Marine  
  49  4:21  SCV  
  50  4:26  Siege Tank, Marine x2  
  50  4:31  Marine  
  51  4:45  Medivac, Marine x2  
  52  4:50  Marine  
  46  5:11  Marine  
  46  5:12  Marine x2  
  47  5:14  Siege Tank, Marine  
  48  5:23  SCV  
  49  5:29  Marine x2  
  49  5:30  Marine  
  49  5:32  Marine  
  53  5:45  SCV  
  53  5:47  Marine x3  
  57  5:50  Marine  
  45  6:05  Marine  
  45  6:10  Marine x3  
  38  6:23  Marine  
  34  6:28  Marine x3  
  34  6:29  SCV  
  36  6:41  SCV, Marine  
  36  6:46  Marine x3  
Tags
 
Add a new tag
Caveats
  • Supply blocks, unpowered buildings, or Contaminate may cause inaccurate times.
  • Supply counts are checked every 10 seconds.